Map: Dusk Towers

Players

Miszu

  • Race: Terran Terran
  • League: Master

RadekDaNa - Winner!

  • Race: Zerg Zerg
  • League: Grandmaster

VOD

Have the link to the VOD?

Description

Time

  • Played on: March 13, 2016, 4:53 p.m.
  • Length: 7:28
Show
View Real Time Build Order
Export as new Build Order

Miszu Terran 

Build Orders: Liberator Opening, Reaper Expand 

Get SALT Encoding   

  12  0:00  SCV  
  13  0:12  SCV  
  14  0:17  Supply Depot  
  14  0:24  SCV  
  15  0:39  SCV  
  15  0:41  Barracks  
  16  0:44  Refinery  
  16  0:51  SCV  
  17  1:03  SCV  
  18  1:15  SCV  
  19  1:28  Reaper, Orbital Command  
  20  1:40  Command Center  
  20  1:49  Supply Depot  
  20  1:54  SCV  
  21  1:59  Refinery  
  21  2:03  Barracks Reactor  
  21  2:06  SCV  
  22  2:18  SCV  
  22  2:22  Factory  
  23  2:30  SCV  
  24  2:41  Marine x2  
  24  2:42  SCV  
  27  2:52  Orbital Command  
  27  2:54  SCV  
  28  2:59  Marine x2  
  30  3:06  SCV  
  31  3:14  Starport, Factory Tech Lab  
  31  3:17  Marine x2  
  31  3:18  SCV  
  33  3:24  SCV  
  34  3:30  SCV  
  35  3:35  Marine x2  
  35  3:36  Liberator, SCV  
  35  3:39  Supply Depot  
  38  3:42  SCV  
  38  3:47  Command Center  
  39  3:48  SCV  
  39  3:55  SCV  
  44  4:00  SCV  
  44  4:01  Siege Tank  
  48  4:07  SCV  
  48  4:09  Supply Depot  
  49  4:12  SCV  
  52  4:19  SCV  
  52  4:21  Barracks  
  52  4:22  Barracks, Liberator  
  51  4:24  SCV  
  51  4:26  Refinery  
  51  4:27  Refinery  
  51  4:31  SCV  
  53  4:32  Engineering Bay  
  53  4:34  Engineering Bay  
  53  4:37  SCV  
  54  4:43  SCV  
  58  4:47  Siege Tank  
  58  4:49  SCV  
  62  4:56  Supply Depot  
  62  4:59  SCV  
  63  5:00  Orbital Command  
  63  5:03  SCV  
  64  5:10  Terran Infantry Weapons Level 1  
  64  5:11  Terran Infantry Armor Level 1, SCV  
  65  5:15  SCV  
  63  5:21  Barracks Tech Lab x2  
  63  5:23  SCV  
  63  5:24  Siege Tank  
  63  5:28  SCV  
  68  5:31  Starport Reactor  
  68  5:34  Armory  
  68  5:35  SCV  
  69  5:40  Barracks  
  69  5:43  Barracks, SCV  
  69  5:45  Marine x3  
  69  5:47  SCV  
  74  5:55  SCV  
  75  6:00  Marine  
  75  6:01  Combat Shields  
  75  6:03  Marine x2  
  79  6:04  SCV  
  79  6:06  Orbital Command  
  79  6:08  SCV  
  79  6:10  Medivac x2  
  84  6:15  Supply Depot  
  84  6:16  SCV  
  84  6:17  Siege Tank  
  85  6:22  SCV  
  86  6:28  SCV  
  86  6:30  Marine x2  
  86  6:31  Barracks Reactor x2  
  86  6:32  Marine  
  92  6:33  Marauder, SCV  
  92  6:37  SCV  
  94  6:40  SCV  
  94  6:42  Supply Depot  
  94  6:43  Supply Depot  
  94  6:45  SCV  
  96  6:48  Marine  
  96  6:49  SCV  
  96  6:52  SCV  
  96  6:53  Marauder  
  101  6:57  Marine  
  101  6:59  Marine  
  101  7:00  SCV  
  101  7:01  SCV  
  101  7:05  Marine, Missile Turret  
  103  7:13  Missile Turret  
Show
View Real Time Build Order
Export as new Build Order

RadekDaNa Zerg - Winner!

Build Orders: Hatch First 

Get SALT Encoding   

  12  0:01  Drone  
  13  0:12  Overlord  
  13  0:17  Drone  
  14  0:30  Drone x2  
  14  0:35  Drone  
  17  0:51  Hatchery  
  17  0:54  Drone  
  17  0:57  Drone  
  17  0:59  Extractor  
  17  1:12  Spawning Pool  
  17  1:15  Drone  
  17  1:18  Drone  
  18  1:28  Drone  
  19  1:38  Overlord  
  19  1:50  Drone  
  20  1:59  Queen  
  20  2:01  Zergling x2  
  23  2:03  Queen, Drone  
  23  2:07  Metabolic Boost  
  26  2:11  Zergling x2  
  26  2:14  Drone  
  28  2:22  Drone  
  29  2:25  Drone  
  30  2:32  Drone  
  30  2:35  Queen  
  30  2:36  Drone  
  34  2:39  Pneumatized Carapace  
  34  2:44  Overlord  
  34  2:46  Drone  
  35  2:53  Overlord  
  35  2:57  Drone  
  36  3:06  Drone  
  36  3:07  Drone x3  
  36  3:08  Drone  
  36  3:11  Drone x2  
  36  3:12  Drone  
  44  3:19  Drone  
  45  3:29  Hatchery  
  45  3:30  Drone  
  45  3:31  Drone  
  46  3:35  Overlord  
  46  3:40  Drone  
  47  3:41  Lair  
  47  3:45  Drone  
  48  3:49  Extractor, Drone  
  48  3:50  Roach Warren  
  48  3:52  Drone  
  48  3:53  Drone  
  49  3:57  Drone  
  49  3:58  Drone  
  49  4:00  Extractor  
  49  4:02  Overlord  
  50  4:03  Drone  
  50  4:04  Drone  
  50  4:07  Overlord  
  52  4:17  Drone  
  52  4:18  Extractor, Drone x2  
  52  4:23  Drone  
  56  4:24  Drone x2  
  56  4:26  Overlord  
  56  4:30  Roach  
  56  4:31  Roach  
  61  4:38  Overlord  
  61  4:39  Roach, Spore Crawler  
  61  4:43  Spire  
  61  4:47  Drone x3  
  61  4:49  Queen  
  66  4:55  Ravager x2  
  66  4:57  Drone x2  
  66  4:58  Drone x2  
  72  5:00  Ravager  
  72  5:02  Evolution Chamber  
  72  5:03  Evolution Chamber  
  72  5:04  Drone  
  72  5:22  Overlord, Drone  
  72  5:23  Drone x2  
  72  5:24  Zergling x4  
  72  5:26  Overlord, Drone x2  
  72  5:27  Drone  
  80  5:30  Drone x2  
  80  5:32  Extractor  
  80  5:33  Zerg Missile Weapons Level 1  
  81  5:37  Drone  
  81  5:38  Drone  
  81  5:41  Drone x2  
  85  5:46  Extractor  
  85  5:47  Drone x2  
  86  5:55  Mutalisk  
  86  5:56  Mutalisk x3  
  94  6:03  Mutalisk  
  95  6:12  Drone x2  
  95  6:13  Drone  
  95  6:17  Overlord  
  98  6:19  Overlord  
  98  6:22  Roach  
  98  6:23  Roach x2  
  104  6:27  Hatchery  
  104  6:29  Overlord  
  104  6:31  Roach  
  105  6:33  Overlord  
  105  6:34  Overlord x2  
  105  6:35  Overlord  
  105  6:37  Roach  
  107  6:40  Roach x2  
  107  6:45  Ravager x3  
  107  6:46  Drone x2  
  116  6:50  Infestation Pit  
  116  6:53  Roach x2  
  116  6:54  Roach x2  
Tags
 
Add a new tag
Caveats
  • Supply blocks, unpowered buildings, or Contaminate may cause inaccurate times.
  • Supply counts are checked every 10 seconds.